 Dungeon Crawl Stone Soup version 0.27.1 (webtiles) character file.

Game seed: 8591584843231158969

7914 AttackTheMoon the Cleaver (level 11, -6/95 (97) HPs)
             Began as a Minotaur Berserker on Sept 3, 2021.
             Was a High Priest of Trog.
             Mangled by an orc warlord (19 damage)
             ... on level 1 of the Orcish Mines.
             The game lasted 00:20:17 (9936 turns).

AttackTheMoon the Cleaver (Minotaur Berserker)      Turns: 9936, Time: 00:20:17

HP:   -6/95 (97)    AC: 26    Str: 30    XL:     11   Next: 3%
MP:   10/10         EV: 10    Int: 10    God:    Trog [*****.]
Gold: 714           SH:  6    Dex: 11    Spells: 10/10 levels left

rFire    . . .     SeeInvis .   F - +1 war axe (freeze)
rCold    . . .     Faith    +   E - +0 buckler
rNeg     . . .     Spirit   .   x - +1 plate armour
rPois    .         Reflect  .   p - +2 hat
rElec    .         Harm     .   e - +0 cloak
rCorr    .         Rampage  ∞   l - +2 pair of gloves
Will     ++...                  k - +3 pair of seven-league boots {Rampage+∞}
Stlth    ..........             u - amulet of faith
HPRegen  1.25/turn              r - +6 ring of strength
MPRegen  0.12/turn              c - +6 ring of intelligence

@: strong-willed, regenerating, hasted, lightly drained, very quick
A: horns 2, retaliatory headbutt
a: Renounce Religion, Berserk, Trog's Hand, Brothers in Arms


You were on level 1 of the Orcish Mines.
You worshipped Trog.
Trog was extremely pleased with you.
You visited 2 branches of the dungeon, and saw 11 of its levels.
You also visited: Sewer and Ossuary.

You collected 714 gold pieces.

Inventory:

Hand Weapons
 a - a +1 hand axe
 F - a +1 war axe of freezing (weapon)
 I - a +1 antimagic battleaxe
Missiles
 d - 12 boomerangs (quivered)
Armour
 e - a +0 cloak (worn)
 k - the +3 pair of seven-league boots (worn) {Rampage+∞}
   (You acquired it in an ossuary)

   Its wearer moves as far as possible in that direction when moving towards
   enemies.
 l - a +2 pair of gloves (worn)
 p - a +2 hat (worn)
 x - a +1 plate armour (worn)
 E - a +0 buckler (worn)
Jewellery
 c - a +6 ring of intelligence (right hand)
 h - a ring of fire
 q - a ring of protection from fire
 r - a +6 ring of strength (left hand)
 u - an amulet of faith (around neck)
 y - a ring of poison resistance
 D - an amulet of the acrobat
Wands
 H - a wand of paralysis (12)
Scrolls
 o - 2 scrolls of teleportation
 s - 7 scrolls of identify
 t - a scroll of enchant armour
 w - 2 scrolls of fog
 z - a scroll of holy word
 B - a scroll of blinking
 G - a scroll of enchant weapon
Potions
 b - 5 potions of invisibility
 i - 2 potions of curing
 j - 4 potions of cancellation
 m - 3 potions of flight
 n - 4 potions of heal wounds
 A - 4 potions of degeneration {unknown}
 C - 2 potions of brilliance {unknown}


   Skills:
 + Level 9.1 Fighting
 + Level 9.2 Axes
 + Level 8.7 Armour
 + Level 7.9 Dodging
 + Level 8.2 Shields
 + Level 6.2 Evocations


You had 10 spell levels left.
You didn't know any spells.
Your spell library was empty.

Dungeon Overview and Level Annotations

Branches:
Dungeon (9/15)             Temple (0/1) D:6             Orc (2/2) D:9
    Elf (0/3) Orc:2         Sewer (visited)         Ossuary (visited)
   Lair: D:8-11

Altars:
Cheibriados
Ru
Wu Jian

Shops:
D:2 *   Orc:2 (


Innate Abilities, Weirdness & Mutations

You have a pair of horns on your head.
You reflexively headbutt those who attack you in melee.


Message History

The orc warrior hits you with a +0 battleaxe!
The orc sorcerer hits you but does no damage.
An orc priest comes into view. It is wielding a +0 flail.
The orc sorcerer hits you but does no damage.
The orc warrior closely misses you. You furiously retaliate!
You headbutt the orc warrior, but do no damage.
Your skin crawls.
You feel strong-willed.
The orc priest shouts!
You hear a shout!
A nearby fungus withers and dies.
You block the orc sorcerer's attack.
The orc warrior hits you with a +0 battleaxe.
The orc sorcerer points at you and mumbles some strange words.
The bolt of fire hits you!!
* * * LOW HITPOINT WARNING * * *
Unknown command.
Okay, then.
As you read the scroll of fear, it crumbles to dust.
You assume a fearsome visage.
The orc warrior looks frightened!
The fungus is unaffected. x2; The orc warrior looks frightened!
The orc sorcerer looks frightened! x2; The orc warrior looks frightened!
The orc priest looks frightened!
The orc looks frightened! x4
Blink to where?
Press: ? - help, Dir - move target
As you read the scroll of blinking, it crumbles to dust.
The orc sorcerer cries, "Help!"
Blink to where?
Press: ? - help, Dir - move target
As you read the scroll of blinking, it crumbles to dust.
There is a stone staircase leading up here.
You climb upwards.
The orc warlord shouts!
The orc shouts!
The orc warrior shouts! x2
The orc priest shouts!
The orc shouts! x2; The orc warrior shouts!
The orc wizard shouts!
The orc shouts! x4; The ogre shouts!
You hear a shout! x3
The orc priest hits you but does no damage.
The orc warlord barely misses you. You furiously retaliate!
You headbutt the orc warlord! The orc closely misses you.
An orc warrior comes into view.
It is wielding a +0 long sword of holy wrath.
There is a stone staircase leading down here.
The orc warlord hits you with a +1 great sword!!
You die...

.... #.
.o..##.####
#oo....#.##
.##....o...
...o......#
....oh.oo.#
.o.o.ooo..#
#..Oo@..#
#....o...#
...........#
........#.##
......##...
#..... #.##
##.#.. #
#.##.


You could see an orc warlord, a warg, 5 orc warriors, an ogre, an orc priest, an
orc wizard and 7 orcs.

Vanquished Creatures
  3 two-headed ogres
  An orc sorcerer (Orc:1)
  2 trolls
  Sigmund (D:3)
  A shadow (D:9)
  4 yaks (D:6)
  A vampire (D:9)
  2 wyverns
  2 steam dragons (D:8)
  A warg (Orc:2)
  2 water moccasins
  8 orc warriors
  An ice beast (D:6)
  2 sky beasts
  5 centaurs
  3 ogres
  An elf zombie (Ossuary)
  2 kobold brigands
  A bullfrog (D:7)
  A gnoll sergeant (D:7)
  2 scorpions (D:5)
  A wyvern skeleton (D:6)
  A water moccasin skeleton (D:4)
  2 howler monkeys
  A bullfrog zombie (D:6)
  4 hounds
  2 orc priests
  2 centaur skeletons (D:7)
  2 bullfrog skeletons
  Natasha (thrice) (D:2)
  3 iguanas
  6 orc wizards
  A hound zombie (D:4)
  3 mummies
  4 gnolls (D:7)
  A howler monkey skeleton (D:7)
  7 adders
  2 river rats (Sewer)
  A shadow imp (D:8)
  3 white imps
  An ufetubus (D:7)
  An adder skeleton (D:4)
  An adder zombie (Ossuary)
  2 worms
  3 dart slugs
  25 orcs
  8 bats
  10 endoplasms
  4 giant cockroaches
  8 goblins
  9 hobgoblins
  9 jackals
  12 kobolds
  5 quokkas
  4 ball pythons
  5 frilled lizards
  2 goblin zombies (Ossuary)
  9 hobgoblin zombies (Ossuary)
  2 jackal zombies (Ossuary)
  9 kobold zombies
  13 orc zombies
  7 rats
  2 rat zombies (Ossuary)
246 creatures vanquished.

Vanquished Creatures (others)
  A fungus (Orc:2)
1 creature vanquished.

Grand Total: 247 creatures vanquished

Notes
Turn   | Place    | Note
-------+----------+-------------------------------------------
     0 | D:1      | AttackTheMoon the Minotaur Berserker began the quest for
                  | the Orb.
     0 | D:1      | Reached XP level 1. HP: 19/19 MP: 0/0
   542 | D:1      | Reached XP level 2. HP: 27/27 MP: 1/1
   610 | D:1      | Found a faded altar of an unknown god.
  1031 | D:2      | Reached skill level 1 in Shields
  1237 | D:2      | Noticed Natasha
  1239 | D:2      | Noticed a crimson imp
  1248 | D:2      | Killed Natasha
  1249 | D:2      | Reached XP level 3. HP: 5/33 MP: 2/2
  1537 | D:2      | Reached ** piety under Trog
  1674 | D:2      | Reached skill level 1 in Evocations
  1674 | D:2      | Reached XP level 4. HP: 37/40 MP: 3/3
  1770 | D:2      | Found Dywnorur's General Store.
  1785 | D:2      | Noticed Natasha
  1788 | D:2      | Killed Natasha
  2048 | D:2      | Noticed Natasha
  2054 | D:2      | Killed Natasha
  2368 | D:3      | Reached XP level 5. HP: 13/46 MP: 4/4
  2730 | D:3      | Found a glowing drain.
  2734 | Sewer    | Entered a sewer
  2928 | Sewer    | Found a white marble altar of Elyvilon.
  3082 | D:3      | Reached XP level 6. HP: 45/53 MP: 5/5
  3090 | D:3      | Noticed Sigmund
  3102 | D:3      | Killed Sigmund
  3103 | D:3      | Reached skill level 5 in Fighting
  3103 | D:3      | Reached skill level 5 in Axes
  3291 | D:3      | Reached *** piety under Trog
  3775 | D:4      | Reached XP level 7. HP: 53/61 MP: 6/6
  4184 | D:5      | Entered Level 5 of the Dungeon
  4184 | D:5      | Found a sacrificial altar of Ru.
  4217 | D:5      | Found a snail-covered altar of Cheibriados.
  4530 | D:5      | Reached **** piety under Trog
  4531 | D:5      | Reached skill level 5 in Armour
  4532 | D:5      | Reached XP level 8. HP: 46/70 MP: 7/7
  5184 | D:6      | Reached skill level 5 in Dodging
  5184 | D:6      | Reached skill level 5 in Shields
  5377 | D:6      | Found a sand-covered staircase.
  5383 | Ossuary  | Entered an ossuary
  5705 | Ossuary  | Reached ***** piety under Trog
  5710 | Ossuary  | Identified a scroll of acquirement
  5710 | Ossuary  | Acquired the +3 pair of seven-league boots {Rampage+∞}
  5710 | Ossuary  | Found the +3 pair of seven-league boots {Rampage+∞}
  5814 | D:6      | Reached XP level 9. HP: 78/78 MP: 8/8
  6059 | D:6      | Found a staircase to the Ecumenical Temple.
  6431 | D:7      | You fall into a shaft and drop 2 floors!
  6980 | D:8      | Noticed a two-headed ogre
  6989 | D:8      | Killed a two-headed ogre
  6990 | D:8      | Reached skill level 5 in Evocations
  7399 | D:7      | Found Pumeow's Jewellery Boutique.
  7582 | D:7      | Reached XP level 10. HP: 69/88 MP: 9/9
  8628 | D:9      | Found an ornate altar of the Wu Jian Council.
  8630 | D:9      | Noticed a two-headed ogre
  8696 | D:9      | Killed a two-headed ogre
  8817 | D:9      | Found a staircase to the Orcish Mines.
  8881 | D:9      | Noticed a two-headed ogre
  8891 | D:9      | Killed a two-headed ogre
  8891 | D:9      | Received a gift from Trog
  9288 | Orc:1    | Entered Level 1 of the Orcish Mines
  9670 | Orc:2    | Entered Level 2 of the Orcish Mines
  9671 | Orc:2    | Noticed an orc sorcerer
  9673 | Orc:2    | Paralysed by an orc sorcerer for 5 turns
  9685 | Orc:1    | Killed an orc sorcerer
  9742 | Orc:2    | Reached XP level 11. HP: 78/97 MP: 10/10
  9912 | Orc:2    | Found Wamp's Antique Weapon Shop.
  9912 | Orc:2    | Noticed an orc sorcerer
  9912 | Orc:2    | Noticed an orc sorcerer
  9917 | Orc:2    | Paralysed by an orc sorcerer for 6 turns
  9926 | Orc:2    | HP: 4/95 [orc sorcerer/bolt of fire (25)]
  9935 | Orc:1    | Noticed an orc warlord
  9936 | Orc:1    | Mangled by an orc warlord

Illustrated notes

Levels and vault maps discovered:
D:1:      dpeg_arrival_tiny_f, layout_basic,
          hellmonk_ecumenical_altar_crossroads
D:2:      layout_basic, serial_shops, nicolae_shop_trees, minmay_tripent,
          uniq_natasha
D:3:      minmay_bubble_buster, layout_rooms, gup_sewer_entry_spiral,
          uniq_sigmund
D:4:      layout_loops_ring, corexii_leaking_fountain, kennysheep_generic_room_7
D:5:      layout_basic, lemuel_crystal_altar, kennysheep_mini
D:6:      layout_basic, minmay_temple_entry_statues_pillars,
          nicolae_ossuary_entry_giza
D:7:      layout_loops_ring, kennysheep_small_square
D:8:      layout_basic
D:9:      layout_loops_ring, lemuel_tele_altar, orc_0_dummy
Orc:1:    layout_caves
Orc:2:    grunt_orc_gardens, layout_diamond_mine, grunt_orc_garden,
          grunt_orc_garden, grunt_orc_garden, grunt_orc_garden, basic_altar,
          gauntlet_entry_generic

Skill      XL: |  1  2  3  4  5  6  7  8  9 10 |
---------------+-------------------------------+-----
Shields        | 1 2 3 4 5 6 8 |  8.2
Fighting       | 4 5 6 8 9 |  9.1
Axes           | 4 5 6 7 9 |  9.2
Armour         | 3 4 5 6 7 8 |  8.7
Evocations     | 1 2 3 4 5 6 |  6.2
Dodging        | 3 4 5 6 7 |  7.9

Action                   |  1- 3 |  4- 6 |  7- 9 | 10-12 || total
-------------------------+-------+-------+-------+-------++-------
Melee: Hand axe          |    61 |   150 |   250 |    37 ||   498
       Headbutt          |    10 |    26 |    64 |    43 ||   143
       War axe           |       |       |       |   114 ||   114
Throw: Boomerang         |       |       |       |     4 ||     4
Invok: Berserk           |       |     4 |     3 |       ||     7
       Trog's Hand       |       |     1 |     1 |     1 ||     3
  Use: Scroll            |     4 |     3 |     5 |     5 ||    17
       Potion            |     4 |     2 |       |     1 ||     7
Armor: Leather armour    |    27 |       |       |       ||    27
       Scale mail        |       |    64 |    28 |       ||    92
       Plate armour      |       |       |   118 |   111 ||   229
Dodge: Dodged            |    33 |    76 |   120 |    66 ||   295
Block: Buckler           |       |       |       |    34 ||    34
